 Dungeon Crawl Stone Soup version 0.30-a0-722-g3e6e8c874d (webtiles) character file.

Game seed: 5963321856444930550

300 Dittersdorf the Trooper (level 6, 0/39 HPs)
             Began as a Gargoyle Fighter on Jan 27, 2023.
             Killed by divine providence
             ... invoked by an orc priest
              (9 damage)
             ... on level 3 of the Dungeon.
             The game lasted 00:02:41 (1698 turns).

Dittersdorf the Trooper (Gargoyle Fighter)          Turns: 1698, Time: 00:02:42

Health: 0/39       AC: 19    Str: 21    XL:     6   Next: 36%
Magic:  6/6        EV:  9    Int:  9    God:
Gold:   91         SH:  4    Dex:  9    Spells: 5/5 levels left

rFire   + . .      SeeInvis .    g - +0 morningstar
rCold   + . .      Faith    .    c - +0 buckler
rNeg    + . .      Spirit   .    j - +7 Kryia's mail coat {PotionHeal*2 rC+}
rPois   ∞          Reflect  .    b - +0 helmet
rElec   +          Harm     .    (no cloak)
rCorr   .          Rampage  .    (no gloves)
Will    .....                    (no boots) Stlth
                                 (no amulet)
HPRegen 0.26/turn                h - ring of protection from fire
MPRegen 0.10/turn                (no ring)

@: no status effects
A: sickness immunity, AC +4, negative energy resistance 1, electricity
resistance, torment resistance 1, petrification resistance
a: no special abilities


You were on level 3 of the Dungeon.
You visited 1 branch of the dungeon, and saw 3 of its levels.

You collected 91 gold pieces.

Inventory:

Hand Weapons
 g - a +0 morningstar (weapon)
Armour
 b - a +0 helmet (worn)
 c - a +0 buckler (worn)
 j - the +7 Kryia's mail coat (worn) {PotionHeal*2 rC+}
   (You found it on level 2 of the Dungeon)

   PotionHeal*2: Potions heal its wearer twice as much.
   rC:        It protects you from cold.
Jewellery
 h - a ring of protection from fire (left hand)
Scrolls
 a - 3 scrolls of teleportation {unknown}
 e - a scroll of amnesia {unknown}
 f - 4 scrolls of identify {unknown}
 i - a scroll of enchant armour {unknown}
Potions
 d - a potion of might


   Skills:
 + Level 4.7 Fighting
 + Level 3.5 Maces & Flails
 + Level 4.7 Armour
 + Level 4.7 Shields


You had 5 spell levels left.
You didn't know any spells.
Your spell library was empty.

Dungeon Overview and Level Annotations

Branches:
Dungeon (3/15)

Altars:
Nemelex Xobeh

Annotations:
D:1 1 runed translucent door


Innate Abilities, Weirdness & Mutations

You are immune to sickness and miasma.
Your stone body is resilient. (AC +4)
You are immune to poison.
You resist negative energy. (rN+)
You are resistant to electric shocks. (rElec)
You are resistant to unholy torment.
You are immune to petrification.


Message History

No target in view!
No target in view!
No target in view!
No target in view!
You open the door.
There is an open door here.
You open the door.
An orc priest, a giant cockroach and an endoplasm come into view.
The endoplasm quivers.
A bat, a giant cockroach, an orc priest and an orc come into view.
The giant cockroach waves its antennae.
The orc moves out of view.
There is an open door here.
The giant cockroach closely misses you.
There is an open door here.
You closely miss the giant cockroach.
The giant cockroach bites you but does no damage.
You barely miss the giant cockroach.
You block the giant cockroach's attack. x2
You sock the giant cockroach!
You kill the giant cockroach!
You hit the endoplasm but do no damage.
The orc priest casts a cantrip, but nothing happens.
The endoplasm barely misses you. The endoplasm freezes you.
You are frozen.
You resist.
You thump the endoplasm!
You kill the endoplasm!
You barely miss the orc priest. The orc priest closely misses you.
You barely miss the orc priest.
The orc priest hits you with a +0 war axe.
The orc priest calls down the wrath of Beogh upon you.
Beogh smites you!
You puncture the orc priest!
The orc priest is heavily wounded.
The orc priest mumbles some strange prayers to Beogh against you.
Beogh smites you!
* * * LOW HITPOINT WARNING * * *
The orc priest invokes the aid of Beogh against you.
Beogh smites you!
You die...

#.#.......# #.#.......#
#)######.## #)# #.#
##########)# #.# .
........†.)######.######..
#########.......#.........
#.......#.......###o......
#.#####.#.......@oob......
#...............###B......
#######.........# .....##
.........#.###### .....#
.#######.#.# .b...# .#
#.#.# B....# .# #.#.#
.....# .# #.#.# ...... .#
#.#.#


You could see 2 orc priests, an orc, a giant cockroach and a bat.

Vanquished Creatures
  Sigmund (D:2)
  A scorpion (D:3)
  Robin (D:3)
  An adder (D:2)
  2 dart slugs
  4 ball pythons
  7 endoplasms
  5 giant cockroaches
  11 goblins
  6 hobgoblins
  A jackal (D:2)
  A quokka (D:3)
  A bat (D:1)
  8 frilled lizards
  4 kobolds
  5 rats
59 creatures vanquished.

Notes
Turn   | Place    | Note
-------+----------+-------------------------------------------
     0 | D:1      | Dittersdorf the Gargoyle Fighter began the quest for the
                  | Orb.
     0 | D:1      | Reached XP level 1. HP: 14/14 MP: 1/1
     1 | D:1      | Found a runed translucent door.
   193 | D:1      | Reached XP level 2. HP: 19/19 MP: 2/2
   604 | D:2      | Reached XP level 3. HP: 23/23 MP: 3/3
   752 | D:2      | Found the +7 Kryia's mail coat {PotionHeal*2 rC+}
   752 | D:2      | Noticed Sigmund
   925 | D:2      | Killed Sigmund
   926 | D:2      | Reached XP level 4. HP: 30/30 MP: 4/4
   926 | D:2      | Reached XP level 5. HP: 34/34 MP: 5/5
   974 | D:2      | Found a faded altar of an unknown god.
  1137 | D:2      | Found a sparkling altar of Nemelex Xobeh.
  1418 | D:3      | Reached XP level 6. HP: 39/39 MP: 6/6
  1507 | D:3      | Noticed Robin
  1530 | D:3      | Killed Robin
  1698 | D:3      | Killed from afar by an orc priest

Illustrated notes

Levels and vault maps discovered:
D:1:      dpeg_arrival_caged_fury, layout_basic
D:2:      minmay_wonky_spiral, layout_basic, basic_altar,
          ebering_ecumenical_altar_abandoned, kennysheep_flooded_box,
          minmay_lizard_pond, uniq_sigmund
D:3:      layout_basic, uniq_robin, uniq_jessica

Skill      XL: |  1  2  3 |
---------------+----------+-----
Fighting       | 4 |  4.7
Maces & Flails | 3 |  3.5
Armour         | 4 |  4.7
Shields        | 4 |  4.7

Action                     |  1- 3 |  4- 6 || total
---------------------------+-------+-------++-------
  Melee: Flail             |    14 |       ||    14
         Morningstar       |    77 |    73 ||   150
         Unarmed           |     7 |       ||     7
   Stab: Confused          |     1 |       ||     1
 Armour: Scale mail        |    42 |    54 ||    96
  Dodge: Dodged            |    57 |    53 ||   110
  Block: Buckler           |    20 |    23 ||    43

Table legend: (Time is in decaauts)
 A = Elapsed time spent in this place.
 B = Non-inter-level travel time spent in this place.
 C = Inter-level travel time spent in this place.
 D = Time resting spent in this place.
 E = Time spent auto-exploring this place.
 F = Levels seen in this place.
 G = Mean time per level.
                   A        B        C        D        E       F      G
               +--------+--------+--------+--------+--------+-----+--------+
         Total |   1754 |   1713 |     41 |     24 |   1135 |   3 |  584.7 |
       Dungeon |   1754 |   1713 |     41 |     24 |   1135 |   3 |  584.7 |
               +--------+--------+--------+--------+--------+-----+--------+

Top non-repeatable levels by time:
     D:2: 884 daAuts
     D:1: 561 daAuts
     D:3: 307 daAuts
